 Dungeon Crawl Stone Soup version 0.23-a0-54-gae6112e33f (webtiles) character file.

324 Artagas the Chiller (level 6, 0/32 HPs)
             Began as a Deep Elf Ice Elementalist on Aug 8, 2018.
             Shot with an arrow by a centaur (1 damage)
             ... on level 5 of the Dungeon.
             The game lasted 00:09:48 (4717 turns).

Artagas the Chiller (Deep Elf Ice Elementalist)     Turns: 4717, Time: 00:09:50

Health: 0/32       AC:  3    Str:  5    XL:     6   Next: 23%
Magic:  12/12      EV: 13    Int: 22    God:
Gold:   278        SH:  0    Dex: 15    Spells: 8/11 levels left

rFire    . . .     SeeInvis .   m - +2 short sword (drain)
rCold    . . .     Gourm    .   (no shield)
rNeg     . . .     Faith    .   a - +1 robe
rPois    .         Spirit   .   (no helmet)
rElec    .         Reflect  .   (no cloak)
rCorr    .         Harm     .   (no gloves)
MR       .....                  (no boots)
Stlth    ++........             (no amulet)
HPRegen  0.10/turn              (no ring)
MPRegen  0.13/turn              (no ring)

@: no status effects
A: no striking features
a: no special abilities


You were on level 5 of the Dungeon.
You were not hungry.

You visited 1 branch of the dungeon, and saw 5 of its levels.

You collected 278 gold pieces.

Inventory:

Hand Weapons
 m - a +2 short sword of draining (weapon)
Armour
 a - a +1 robe (worn)
Jewellery
 j - an uncursed ring of resist corrosion {unknown}
 l - a +2 ring of intelligence {unknown}
Wands
 p - a wand of disintegration (11)
Scrolls
 i - 2 scrolls of noise {unknown}
 k - 3 scrolls of teleportation
 n - a scroll of identify
 o - a scroll of magic mapping {unknown}
 q - a scroll of random uselessness {unknown}
Potions
 b - 3 potions of lignification
 d - a potion of berserk rage
 e - 3 potions of brilliance
 f - 2 potions of haste {unknown}
 g - a potion of flight {unknown}
 h - a potion of degeneration {unknown}
Comestibles
 c - 7 rations
 r - 2 chunks of flesh


   Skills:
 - Level 2.4 Dodging
 - Level 2.4 Stealth
 - Level 3.0 Spellcasting
 + Level 4.5 Conjurations
 + Level 6.2 Ice Magic


You had 8 spell levels left.
You knew the following spells:

 Your Spells              Type           Power        Failure   Level  Hunger
a - Freeze                Ice            ####         1%          1    None
b - Throw Frost           Conj/Ice       ####..       1%          2    ##.....

Your spell library contained the following spells:

 Spells                   Type           Power        Failure   Level  Hunger
 Summon Ice Beast         Ice/Summ       ###.....     34%         4    ####...
 Ozocubu's Armour         Chrm/Ice       ###.....     11%         3    ###....
 Throw Icicle             Conj/Ice       ####....     14%         4    ####...


Dungeon Overview and Level Annotations

Branches:
Dungeon (5/15)
 Temple: D:4-7

Altars:
Cheibriados
Elyvilon
Ru
Sif Muna
Uskayaw
The Shining One


Message History

The puff of frost hits the adder skeleton.
The adder skeleton resists.
The adder skeleton is almost destroyed.
The adder skeleton barely misses you.
You hit the adder skeleton.
You destroy the adder skeleton!
You start resting.
Eating one of 3 chunks of flesh.
You eat one of the 3 chunks of flesh.
This raw flesh tastes terrible.
Magic restored.
HP restored.
There is a stone staircase leading down here.
Found a stone staircase leading up.
A centaur comes into view.
The centaur shouts!
The centaur wields a glowing shortbow.
It bursts into flame!
The centaur shoots an arrow.
The arrow hits you! The arrow burns you.
The centaur shoots an arrow.
The arrow hits you!
* * * LOW HITPOINT WARNING * * *
The arrow burns you.
You die...

#.c......#
#........#
#........#
#........#
###........#
...........+
.).........# ..
#@..# ....##..#
......#..########
.........#......#
.............>#.#
...........###.#
.#...#####.###.#
##.............###
#................#


You could see a centaur.

Vanquished Creatures
  Edmund (D:4)
  2 hounds
  2 worker ants
  3 adders
  An adder skeleton (D:5)
  2 worms
  A dart slug (D:1)
  A leopard gecko (D:3)
  6 orcs
  3 giant cockroaches
  6 goblins
  3 hobgoblins
  3 jackals (D:2)
  4 kobolds
  A quokka (D:2)
  12 bats
  5 frilled lizards
  A jackal zombie (D:5)
  4 rats
61 creatures vanquished.

Notes
Turn   | Place    | Note
-------+----------+-------------------------------------------
     0 | D:1      | Artagas the Deep Elf Ice Elementalist began the quest for the Orb.
     0 | D:1      | Reached XP level 1. HP: 10/10 MP: 6/6
   508 | D:1      | Reached XP level 2. HP: 15/15 MP: 6/8
   519 | D:1      | Reached skill level 4 in Ice Magic
   526 | D:1      | Learned a level 2 spell: Throw Frost
  1515 | D:2      | Found a snail-covered altar of Cheibriados.
  1660 | D:2      | Found a hide-covered altar of Uskayaw.
  1661 | D:2      | Noticed a dagger
  1662 | D:2      | Noticed a dagger
  1663 | D:2      | Reached XP level 3. HP: 19/19 MP: 7/9
  2595 | D:3      | Found a deep blue altar of Sif Muna.
  2734 | D:3      | Reached XP level 4. HP: 24/24 MP: 7/10
  3359 | D:4      | Noticed Edmund
  3367 | D:3      | Reached skill level 5 in Ice Magic
  3433 | D:4      | Found a glowing golden altar of the Shining One.
  3530 | D:4      | Reached XP level 5. HP: 24/28 MP: 3/11
  3850 | D:4      | Killed Edmund
  3850 | D:4      | Reached skill level 6 in Ice Magic
  3850 | D:4      | Reached XP level 6. HP: 7/32 MP: 5/12
  4290 | D:4      | Found a white marble altar of Elyvilon.
  4451 | D:4      | Found a sacrificial altar of Ru.
  4552 | D:5      | Entered Level 5 of the Dungeon
  4717 | D:5      | HP: 1/32 [centaur/arrow (12)]
  4717 | D:5      | Shot with an arrow by a centaur

Vault maps used:
D:1:      dpeg_arrival_rooms_a, serial_forest, infiniplex_forest_clump_C,
          infiniplex_forest_clump_small, infiniplex_forest_lined_ring,
          infiniplex_forest_clump_double, infiniplex_forest_lined_2,
          infiniplex_forest_end_1
D:2:      dancing_weapons_uskayaw, cheibriados_altar_1
D:3:      lemuel_round_altar
D:4:      marbit_many_paths, lemuel_coloured_pillars_altar, kennysheep_mini,
          first_ration, uniq_edmund
D:5:      gammafunk_ghost_arena, basic_altar, guppyfry_early_lair_pool

Skill      XL: |  1  2  3  4  5 |
---------------+----------------+-----
Ice Magic      | 4 5 6 |  6.2
Conjurations   | 2 3 4 |  4.5
Dodging        | |  2.4
Stealth        | |  2.4
Spellcasting   | |  3.0

Action                   |  1- 3 |  4- 6 || total
-------------------------+-------+-------++-------
Melee: Unarmed           |     3 |       ||     3
       Short sword       |       |    13 ||    13
 Cast: Freeze            |    52 |    30 ||    82
       Throw Frost       |    19 |    23 ||    42
  Use: Scroll            |     5 |     2 ||     7
       Potion            |       |     1 ||     1
  Eat: Chunk             |     6 |     7 ||    13
Armor: Robe              |     8 |     5 ||    13
       Skin              |       |     3 ||     3
Dodge: Dodged            |    63 |    16 ||    79

Table legend:
 A = Spawn XP
 B = Non-spawn XP
 C = Spawn XP percentage of total XP
 D = Spawn monster count
 E = Non-spawn monster count
 F = Spawn count percentage of total count
 G = Total turns spent on level
                    A         B        C        D         E        F      G
               +---------+---------+-------+---------+---------+-------+---------
         Total |       0 |     463 |   0.0 |       0 |      61 |   0.0 |  4717
               +---------+---------+-------+---------+---------+-------+---------
           D:1 |       0 |      22 |   0.0 |       0 |      12 |   0.0 |  1297
           D:2 |       0 |      48 |   0.0 |       0 |      19 |   0.0 |  1060
           D:3 |       0 |      71 |   0.0 |       0 |      18 |   0.0 |  1039
           D:4 |       0 |     271 |   0.0 |       0 |       9 |   0.0 |  1156
           D:5 |       0 |      51 |   0.0 |       0 |       3 |   0.0 |   165
               +---------+---------+-------+---------+---------+-------+---------
